 Dungeon Crawl Stone Soup version 0.30-a0-1103-g25895a7845 (webtiles) character file.

Game seed: 11030984777338720015

248 LustLizard the Firebug (level 5, -23/29 HPs)
             Began as a Deep Elf Fire Elementalist on Apr 18, 2023.
             Killed by an exploding water moccasin (33 damage)
             ... ignited by their inner flame
             ... on level 6 of the Dungeon.
             The game lasted 00:05:57 (3005 turns).

LustLizard the Firebug (Deep Elf Fire Elementalist) Turns: 3005, Time: 00:05:57

Health: -23/29     AC:  3    Str:  7    XL:     5   Next: 86%
Magic:  5/13       EV: 12    Int: 20    God:
Gold:   147        SH:  0    Dex: 15    Spells: 4/12 levels left

rFire   . . .      SeeInvis .    e - +0 short sword
rCold   + . .      Faith    .    (no shield)
rNeg    . . .      Spirit   .    a - +0 robe
rPois   +          Reflect  .    (no helmet)
rElec   .          Rampage  .    (no cloak)
rCorr   .                        u - +0 pair of gloves
Will    .....                    (no boots)
Stlth   ++                       (no amulet)
HPRegen 0.24/turn                c - ring of poison resistance
MPRegen 0.13/turn                f - ring of protection from cold

@: lethally poisoned (-23 -> -33), flying, very slightly contaminated
A: no striking features
a: no special abilities


You were on level 6 of the Dungeon.
You visited 1 branch of the dungeon, and saw 5 of its levels.

You collected 147 gold pieces.

Inventory:

Hand Weapons
 e - a +0 short sword (weapon)
Armour
 a - a +0 robe (worn)
 u - a +0 pair of gloves (worn)
Jewellery
 c - a ring of poison resistance (left hand)
 f - a ring of protection from cold (right hand)
Wands
 r - a wand of polymorph (6)
 s - a wand of iceblast (11)
Scrolls
 d - a scroll of blinking {unknown}
 g - 2 scrolls of noise {unknown}
 h - a scroll of poison {unknown}
 i - 2 scrolls of teleportation {unknown}
 k - 2 scrolls of torment {unknown}
 l - a scroll of identify {unknown}
 n - a scroll of silence {unknown}
Potions
 b - a potion of magic
 j - 2 potions of flight
 m - a potion of lignification {unknown}
 o - a potion of haste {unknown}
 p - a potion of cancellation {unknown}
 q - a potion of heal wounds {unknown}
 t - a potion of degeneration {unknown}


   Skills:
 + Level 1.4 Fighting
 - Level 2.4 Dodging
 + Level 3.5 Stealth
 + Level 4.0 Spellcasting
 * Level 3.3 Conjurations
 + Level 1.4 Translocations
 * Level 4.7 Fire Magic


You had 4 spell levels left.
You knew the following spells:

 Your Spells              Type           Power      Damage    Failure   Level
a - Foxfire               Conj/Fire      80%        2x1d8     2%          1
b - Scorch                Fire           46%        2d7       2%          2
c - Blink                 Tloc           18%        N/A       11%         2
d - Inner Flame           Hex/Fire       13%        N/A       14%         3

Your spell library contained the following spells:

 Spells                   Type           Power      Damage    Failure   Level
 Lesser Beckoning         Tloc           18%        N/A       11%         2
 Volatile Blastmotes      Fire/Tloc      32%        2d12      11%         3
 Sandblast                Erth           8%         2d5       13%         1
 Passwall                 Tmut/Erth      3%         N/A       19%         2
 Stone Arrow              Conj/Erth      20%        3d8       19%         3
 Gell's Gravitas          Tloc           9%         N/A       22%         3
 Teleport Other           Tloc           9%         N/A       22%         3
 Flame Wave               Conj/Fire      20%        2d7       24%         4
 Manifold Assault         Tloc           9%         N/A       56%         4
 Storm Form               Tmut/Air       2%         N/A       100%        7


Dungeon Overview and Level Annotations

Branches:
Dungeon (6/15)             Temple (0/1) D:4

Altars:


Message History

You miscast Inner Flame.
You are very lightly contaminated with residual magic.
Nothing appears to happen.
The water moccasin barely misses you. The water moccasin bites you.
Casting: Inner Flame (quite dangerous; 14% risk of failure)
Confirm with . or Enter, or press ? or * to list all spells.
The spell is quite dangerous to miscast (14% risk of failure)!
Continue anyway?
Aiming: Inner Flame (quite dangerous; 14% risk of failure)
Press: ? - help, Dir - move target, f/p - water moccasin
Aim: a water moccasin (chance to affect: 66%)
The water moccasin is filled with an inner flame.
The water moccasin barely misses you.
Unknown command.
Casting: Inner Flame (quite dangerous; 14% risk of failure)
Confirm with . or Enter, or press ? or * to list all spells.
Okay, then.
You hit the water moccasin but do no damage.
The water moccasin bites you. The water moccasin closely misses you.
Unknown command.
You hit the water moccasin.
Flame seeps out of the water moccasin.
The water moccasin is lightly wounded.
The water moccasin is engulfed in blazing flames.
Flame seeps out of the water moccasin.
The water moccasin closely misses you.
Unknown command.
You hit the water moccasin.
Flame seeps out of the water moccasin.
The water moccasin is heavily wounded.
You feel stable enough to blink again.
The water moccasin is engulfed in blazing flames.
Flame seeps out of the water moccasin.
The water moccasin bites you.
You are poisoned.
The water moccasin poisons you! The gnoll hits you with a +0 club.
It was a potion of flight.
You feel very buoyant.
You fly up into the air.
You feel very sick.
The water moccasin is engulfed in blazing flames.
The water moccasin explodes!
The fiery explosion engulfs you!!
Ouch! That really hurt!
You die...

......##..........
......##...#............
...........#............
....#..##...............
...##..###..............
.##.....................
>.......................
...##.........§.§......#
.....##.......§°@.##
....##........§gg..# .
............g.g.....
...###.##...).....#...
...# #.)##....[.### #.
... ... #.....## .. ....
#..#### .### ...# .#
.###


You could see 4 gnolls.

Vanquished Creatures
  A water moccasin (D:6)
  Natasha (thrice) (D:2)
  7 gnolls
  4 adders
  A dart slug (D:1)
  5 orcs (D:3)
  7 ball pythons
  4 endoplasms
  5 giant cockroaches
  9 goblins
  2 hobgoblins
  3 jackals (D:2)
  2 quokkas (D:1)
  5 bats
  3 frilled lizards
  3 kobolds (D:1)
  7 rats
71 creatures vanquished.

Vanquished Creatures (others)
  211 foxfires
211 creatures vanquished.

Grand Total: 282 creatures vanquished

Notes
Turn   | Place    | Note
-------+----------+-------------------------------------------
     0 | D:1      | LustLizard the Deep Elf Fire Elementalist began the quest
                  | for the Orb.
     0 | D:1      | Reached XP level 1. HP: 10/10 MP: 6/6
   146 | D:1      | Reached XP level 2. HP: 15/15 MP: 6/8
   291 | D:1      | Learned a level 2 spell: Scorch
   758 | D:2      | Reached XP level 3. HP: 20/20 MP: 3/9
  1124 | D:2      | Learned a level 2 spell: Blink
  1147 | D:2      | Learned a level 3 spell: Inner Flame
  1176 | D:2      | Noticed Natasha
  1194 | D:2      | Reached XP level 4. HP: 24/24 MP: 9/11
  1219 | D:2      | Killed Natasha
  1220 | D:2      | Reached skill level 1 in Fighting
  1558 | D:2      | Noticed Natasha
  1562 | D:2      | Killed Natasha
  1640 | D:2      | Noticed Natasha
  1644 | D:2      | Killed Natasha
  1645 | D:2      | Reached XP level 5. HP: 29/29 MP: 6/12
  1832 | D:3      | Reached skill level 1 in Translocations
  2293 | D:3      | Found a faded altar of an unknown god.
  2973 | D:4      | Found a staircase to the Ecumenical Temple.
  2975 | D:4      | You fall into a shaft and drop 2 floors!
  2997 | D:6      | Noticed a water moccasin
  3005 | D:6      | Killed a water moccasin
  3005 | D:6      | Killed by an exploding water moccasin... ignited by their
                  | inner flame

Illustrated notes

Levels and vault maps discovered:
D:1:      minmay_arrival_stone_box, layout_rooms
D:2:      layout_basic, uniq_natasha
D:3:      layout_basic, nicolae_ecumenical_snake_handling
D:4:      minmay_inner_zag, layout_loops_ring, minmay_temple_entry_large_hall,
          cheibrodos_sewer_entry_sluice, uniq_robin
D:6:      layout_cave_pools, kennysheep_generic_room_10

Skill      XL: |  1  2  3  4  5 |
---------------+----------------+-----
Conjurations   | 2 3 |  3.3
Fire Magic     | 4 |  4.7
Stealth        | 3 |  3.5
Fighting       | 1 |  1.4
Translocations | 1 |  1.4
Spellcasting   | 4 |  4.0
Dodging        | |  2.4

Action                     |  1- 3 |  4- 6 || total
---------------------------+-------+-------++-------
  Melee: Short sword       |    14 |     6 ||    20
   Cast: Foxfire           |    62 |    63 ||   125
         Scorch            |     1 |    10 ||    11
         Blink             |       |     1 ||     1
         Inner Flame       |       |     1 ||     1
    Use: Potion            |       |     1 ||     1
 Armour: Robe              |     6 |     2 ||     8
  Dodge: Dodged            |    13 |     7 ||    20

Table legend: (Time is in decaauts)
 A = Elapsed time spent in this place.
 B = Non-inter-level travel time spent in this place.
 C = Inter-level travel time spent in this place.
 D = Time resting spent in this place.
 E = Time spent auto-exploring this place.
 F = Levels seen in this place.
 G = Mean time per level.
                   A        B        C        D        E       F      G
               +--------+--------+--------+--------+--------+-----+--------+
         Total |   3002 |   2881 |    121 |     98 |   2337 |   5 |  600.4 |
       Dungeon |   3002 |   2881 |    121 |     98 |   2337 |   5 |  600.4 |
               +--------+--------+--------+--------+--------+-----+--------+

Top non-repeatable levels by time:
     D:3: 1282 daAuts
     D:2: 889 daAuts
     D:1: 799 daAuts
     D:6: 29 daAuts
     D:4: 1 daAuts
